 Dungeon Crawl Stone Soup version 0.20-a0-1006-ge6c5631 (webtiles) character file.

116 Ordine the Chopper (level 5, 0/32 HPs)
             Began as a Tengu Fighter on Apr 13, 2017.
             Killed from afar by Natasha (6 damage)
             ... with a magic dart
             ... on level 2 of the Dungeon.
             The game lasted 00:03:12 (1729 turns).

Ordine the Chopper (Tengu Fighter)                  Turns: 1729, Time: 00:03:13

Health: 0/32       AC:  6    Str: 16    XL:     5   Next: 1%
Magic:  6/6        EV:  6    Int:  8    God:
Gold:   48         SH:  9    Dex: 15    Spells: 4/4 levels left

rFire    . . .     SeeInvis .   a - +0 war axe
rCold    . . .     Gourm    .   c - +0 shield
rNeg     . . .     Faith    .   b - +0 scale mail
rPois    .         Spirit   .   (helmet restricted)
rElec    .         Reflect  .   (no cloak)
rCorr    .         Harm     .   (no gloves)
MR       .....                  (boots unavailable)
Stlth    ..........             (no amulet)
Regen    0.1/turn               (no ring)
MPRegen  0.1/turn               (no ring)

@: no status effects
A: beak, talons 3, able to fly 1
a: Fly


You were on level 2 of the Dungeon.
You were not hungry.

You visited 1 branch of the dungeon, and saw 2 of its levels.

You collected 48 gold pieces.

Inventory:

Hand Weapons
 a - a +0 war axe (weapon)
Armour
 b - a +0 scale mail (worn)
 c - a +0 shield (worn)
Potions
 d - a potion of might
 e - a potion of ambrosia {unknown}
Comestibles
 f - a bread ration
 g - 2 fruits


   Skills:
 - Level 3.0 Fighting
 + Level 5.5 Axes
 - Level 3.2 Armour
 - Level 3.0 Shields


You had 4 spell levels left.
You didn't know any spells.

Dungeon Overview and Level Annotations

Branches:
Dungeon (2/15)

Altars:
Kikubaaqudgha
Makhleb
Yredelemnul

Annotations:
D:2 Natasha


Innate Abilities, Weirdness & Mutations

You have a beak for a mouth.
You have claws for feet.
You can fly.


Message History

The white imp hits you but does no damage.
Natasha casts a spell at you. The magic dart hits you!
The white imp hits you but does no damage.
You hit Natasha but do no damage.
Natasha is almost dead.
You hit the white imp. x2
You kill the white imp!
Natasha claws you! The white imp gestures at you. The puff of frost hits you!
You miss Natasha. Your peck misses Natasha.
Natasha is almost dead.
You closely miss the white imp. Natasha claws you. The white imp hits you.
* * * LOW HITPOINT WARNING * * *
The white imp freezes you.
* * * LOW HITPOINT WARNING * * *
Natasha stares at you and mumbles some strange words.
The magic dart hits you!
You die...

#.....# ##..##....##...# #.....#
##.......##...# ......##
#.......##.#.# .......## ..
#.#..........# #.......##.#
##...........## ##.....(#..
###...#......)..###
#...........###.........####....#
#.......#......5..###.### #..##.#
#.......####.#.h@.....# #.###.#
##..................### #. #..#
#...................#######. #.##
#.......####.#.............. #.#
#.......##.....##....####### #.#
......<.......# #....# #.#
###..................#########.#
###.................#.........# .
............#.............####


You could see Natasha and a white imp.

Vanquished Creatures
  Jessica (D:2)
  Terence (D:1)
  Natasha (D:2)
  An ooze (D:1)
  3 dart slugs
  5 bats
  2 giant cockroaches (D:2)
  2 hobgoblins
  7 jackals
  5 kobolds
  2 frilled lizards
  A rat (D:1)
31 creatures vanquished.

Notes
Turn   | Place    | Note
-------+----------+-------------------------------------------
     0 | D:1      | Ordine the Tengu Fighter began the quest for the Orb.
     0 | D:1      | Reached XP level 1. HP: 14/14 MP: 2/2
   160 | D:1      | Reached skill level 3 in Axes
   160 | D:1      | Reached XP level 2. HP: 19/19 MP: 3/3
   871 | D:1      | Reached XP level 3. HP: 23/23 MP: 4/4
   982 | D:2      | Noticed Terence
  1009 | D:1      | Killed Terence
  1009 | D:1      | Reached skill level 4 in Axes
  1222 | D:2      | Reached XP level 4. HP: 28/28 MP: 5/5
  1339 | D:2      | Noticed Jessica
  1355 | D:2      | Killed Jessica
  1355 | D:2      | Reached skill level 5 in Axes
  1564 | D:2      | Noticed Natasha
  1568 | D:2      | Killed Natasha
  1568 | D:2      | Gained mutation: You can fly. [Tengu growth]
  1568 | D:2      | Reached XP level 5. HP: 24/32 MP: 6/6
  1673 | D:2      | Found a basalt altar of Yredelemnul.
  1675 | D:2      | Found an ancient bone altar of Kikubaaqudgha.
  1676 | D:2      | Found a burning altar of Makhleb.
  1721 | D:2      | Noticed Natasha
  1729 | D:2      | Killed from afar by Natasha

Vault maps used:
D:1:      dpeg_arrival_short_road
D:2:      nicolae_overflow_hidden_temple, nicolae_overflow_crystal_walls,
          lemuel_round_altar, uniq_jessica, uniq_natasha, uniq_terence

Skill      XL: |  1  2  3  4 |
---------------+-------------+-----
Axes           | 3 4 5 |  5.5
Fighting       | |  3.0
Armour         | |  3.2
Shields        | |  3.0

Action                   |  1- 3 |  4- 6 || total
-------------------------+-------+-------++-------
Melee: War axe           |    75 |    31 ||   106
       Kick              |    26 |     7 ||    33
       Peck              |     8 |     6 ||    14
  Use: Scroll            |     1 |     1 ||     2
  Eat: Chunk             |     1 |     2 ||     3
Armor: Scale mail        |    51 |     8 ||    59
Dodge: Dodged            |    16 |     1 ||    17
Block: Shield            |    43 |    14 ||    57
